 Dungeon Crawl Stone Soup version 0.31.0-12-g77e489cdc1 (webtiles) character file.

Game seed: 17565451103739137541

1966 HaraKiri the Covered (level 9, -4/75 HPs)
             Began as an Armataur Fighter on Mar 1, 2024.
             Was a Follower of Okawaru.
             Slain by a gnoll
             ... wielding a +0 halberd
              (11 damage)
             ... on level 6 of the Dungeon.
             The game lasted 00:22:48 (5241 turns).

HaraKiri the Covered (Armataur Fighter)             Turns: 5241, Time: 00:22:48

Health: -4/75      AC:  9    Str: 30 (32) XL:     9   Next: 0%
Magic:  9/9        EV:  7    Int:  7 (8)  God:    Okawaru [*.....]
Gold:   278        SH:  4    Dex:  8 (10) Spells: 8/8 levels left

rFire   . . .        a - +0 war axe
rCold   . . .        c - +0 buckler
rNeg    . . .        r - +0 chain mail
rPois   .            (no helmet)
rElec   .            (no cloak)
rCorr   .            (no gloves)
SInv    .            (no barding)
Will    .....        (no amulet) Stlth
                     s - +6 ring of strength
HPRegen 0.32/turn    (no ring)
MPRegen 0.11/turn

%: roll
@: no status effects
A: large, deformed body, tough skin 3, armoured tail, roll 2, inability to read
after injury 1, MP-powered wands
a: Renounce Religion, Heroism


You were on level 6 of the Dungeon.
You worshipped Okawaru.
Okawaru was aware of your devotion.
You visited 2 branches of the dungeon, and saw 7 of its levels.

You collected 278 gold pieces.

Inventory:

Hand Weapons
 a - a +0 war axe (weapon)
 q - a +0 war axe
Armour
 b - a +0 scale mail
 c - a +0 buckler (worn)
 r - a +0 chain mail (worn)
Jewellery
 s - a +6 ring of strength (left hand)
Scrolls
 e - a scroll of enchant weapon {unknown}
 h - 2 scrolls of blinking {unknown}
 k - 5 scrolls of identify {unknown}
 m - 5 scrolls of teleportation {unknown}
 n - a scroll of fog {unknown}
 o - a scroll of poison {unknown}
 p - a scroll of noise {unknown}
 t - a scroll of enchant armour {unknown}
 v - a scroll of revelation {unknown}
 w - a scroll of summoning {unknown}
 y - a scroll of vulnerability {unknown}
 z - a scroll of amnesia {unknown}
Potions
 d - a potion of haste {unknown}
 f - 2 potions of mutation
 g - a potion of heal wounds {unknown}
 i - 2 potions of curing {unknown}
 j - 3 potions of enlightenment {unknown}
 l - 3 potions of degeneration
 u - 2 potions of brilliance {unknown}
 x - a potion of cancellation {unknown}


   Skills:
 + Level 5.9 Fighting
 * Level 7.1 Axes
 + Level 7.9 Armour
 - Level 3.2 Shields


You had 8 spell levels left.
You didn't know any spells.
Your spell library contained the following spells:

 Spells                   Type           Power      Damage    Failure   Level
 Inner Flame              Hex/Fire       0%         N/A       99%         3
 Irradiate                Conj/Alch      0%         3d11      100%        5
 Ignition                 Fire           0%         3d3       100%        8


Dungeon Overview and Level Annotations

Branches:
Dungeon (6/15)             Temple (1/1) D:4

Altars:
Ashenzari
Cheibriados
Fedhas
Gozag
Hepliaklqana
Okawaru
Qazlal
Ru
Sif Muna
Trog
Uskayaw
Wu Jian
The Shining One

Shops:
D:1 !


Innate Abilities, Weirdness & Mutations

Armour fits poorly on your strangely shaped body.
You have extremely tough skin. (AC +3)
You have a long armoured tail.
You regenerate magic and health when rolling toward enemies. (Rampage Regen)
You occasionally lose the ability to read scrolls when taking damage.
You expend magic power (3 MP) to strengthen your wands.


Message History

You slash the gnoll!
The gnoll is severely wounded.
You closely miss the gnoll. The gnoll hits you with a +0 flail.
The gnoll hits you with a +0 whip.
The gnoll hits you from afar with a +0 spear!
The gnoll hits you from afar with a +0 halberd!
You hit the gnoll.
Your tail-slap misses the gnoll.
The gnoll is almost dead.
You completely miss the gnoll.
The gnoll hits you but does no damage. x2
The gnoll barely misses you.
You slash the gnoll!
You kill the gnoll!
Okawaru accepts your kill.
You slash the gnoll!
You kill the gnoll!
Okawaru accepts your kill. The gnoll barely misses you.
The gnoll hits you from afar with a +0 halberd!
* * * LOW HITPOINT WARNING * * *
The gnoll barely misses you.
The gnoll hits you from afar with a +0 spear!
* * * LOW HITPOINT WARNING * * *
You have reached level 9!
Your experience leads to an increase in your attributes!
Your base attributes are Str 24, Int 8, Dex 10.
Increase (S)trength, (I)ntelligence, or (D)exterity?
You feel stronger. x2
It was a potion of degeneration.
There was something very wrong with that liquid.
You feel weakened.
You feel dopey.
You feel clumsy.
The gnoll hits you from afar with a +0 spear.
* * * LOW HITPOINT WARNING * * *
The gnoll hits you from afar with a +0 halberd.
* * * LOW HITPOINT WARNING * * *
It was a potion of mutation.
You feel extremely strange.
You occasionally lose the ability to read scrolls when taking damage.
You feel your magical essence link to the dungeon's wands.
The gnoll hits you but does no damage.
The gnoll hits you from afar with a +0 halberd!
You die...

........# ........#
........# ........#### ##
....$...#.. ..###
.?...g..#.# #...
.....g))#.###..#
##.###@....#..#
##...##.....#..#
#..............#
#....##..[.....######.
#.###.#...>...............
#....#....#.#.#..#.######
#####.#.#........#.##
#.............#.....# #
#.###.#..#................


You could see 2 gnolls.

Vanquished Creatures
  A troll (D:6)
  A water moccasin (D:5)
  An ice beast (D:6)
  3 black bears
  A sky beast (D:6)
  2 ogres
  3 phantoms
  4 scorpions
  A jelly (D:6)
  An orc priest (D:3)
  4 hounds
  A sleepcap (D:4)
  2 iguanas
  Terence (D:2)
  An orc wizard (D:3)
  8 gnolls
  8 adders
  A shadow imp (D:6)
  2 dart slugs
  2 ribbon worms
  19 orcs
  7 ball pythons
  4 endoplasms
  3 giant cockroaches
  4 goblins
  9 hobgoblins
  7 jackals
  3 quokkas
  4 bats
  8 frilled lizards
  11 kobolds
  8 rats
135 creatures vanquished.

Notes
Turn   | Place    | Note
-------+----------+-------------------------------------------
     0 | D:1      | HaraKiri the Armataur Fighter began the quest for the Orb.
     0 | D:1      | Reached XP level 1. HP: 18/18 MP: 1/1
    55 | D:1      | Found Daenet's Distillery.
   173 | D:1      | Reached XP level 2. HP: 25/25 MP: 2/2
   591 | D:2      | Reached XP level 3. HP: 31/31 MP: 3/3
   610 | D:2      | Noticed Terence
   626 | D:2      | Killed Terence
   738 | D:2      | Reached XP level 4. HP: 38/38 MP: 4/4
  1623 | D:3      | Reached XP level 5. HP: 27/45 MP: 5/5
  1905 | D:3      | Noticed a black bear
  1922 | D:3      | Killed a black bear
  1923 | D:3      | Reached skill level 5 in Armour
  1995 | D:3      | Reached XP level 6. HP: 31/52 MP: 6/6
  2652 | D:4      | Found a snail-covered altar of Cheibriados.
  2893 | D:4      | You fall into a shaft and drop 1 floor!
  2893 | D:5      | Entered Level 5 of the Dungeon
  2938 | D:5      | Noticed a water moccasin
  2962 | D:5      | Killed a water moccasin
  2963 | D:5      | Gained mutation: You regenerate magic and health when
                  | rolling toward enemies. (Rampage Regen) [Armataur growth]
  2963 | D:5      | Reached XP level 7. HP: 34/60 MP: 7/7
  2975 | D:5      | Reached skill level 5 in Axes
  3685 | D:4      | Found a staircase to the Ecumenical Temple.
  3692 | Temple   | Entered the Ecumenical Temple
  3747 | Temple   | Became a worshipper of Warmaster Okawaru
  4156 | D:5      | Reached skill level 5 in Fighting
  4156 | D:5      | Reached XP level 8. HP: 68/68 MP: 8/8
  4606 | D:6      | Reached * piety under Okawaru
  4733 | D:6      | Noticed a troll
  4749 | D:6      | Killed a troll
  4981 | D:6      | Found a sacrificial altar of Ru.
  5240 | D:6      | Reached XP level 9. HP: 15/75 MP: 9/9
  5241 | D:6      | Gained mutation: You occasionally lose the ability to read
                  | scrolls when taking damage. [potion of mutation]
  5241 | D:6      | Gained mutation: You expend magic power (3 MP) to
                  | strengthen your wands. [potion of mutation]
  5241 | D:6      | Slain by a gnoll

Illustrated notes

Levels and vault maps discovered:
D:1:      amcnicky_arrival_single_pillar, layout_rooms, serial_shops,
          shop_statue
D:2:      layout_loops_ring, uniq_terence
D:3:      layout_basic
D:4:      layout_loops_cross, kennysheep_mini, temple_green,
          kennysheep_generic_room_7
D:5:      layout_loops_ring
D:6:      layout_loops_ring, mainiacjoe_overflow_catwalk,
          nicolae_fountain_basement
Temple:   minmay_temple_curvy_loop

Skill      XL: |  1  2  3  4  5  6  7  8 |
---------------+-------------------------+-----
Axes           | 2 3 4 5 7 |  7.1
Armour         | 4 5 6 7 |  7.9
Fighting       | 3 4 5 |  5.9
Shields        | |  3.2

Action                     |  1- 3 |  4- 6 |  7- 9 || total
---------------------------+-------+-------+-------++-------
  Melee: War axe           |   103 |   185 |   143 ||   431
         Tailslap          |     8 |    15 |    13 ||    36
 Invoke: Heroism           |       |       |     1 ||     1
    Use: Potion            |     1 |       |     2 ||     3
 Armour: Scale mail        |    78 |    43 |       ||   121
         Chain mail        |       |   123 |   122 ||   245
  Dodge: Dodged            |    37 |    57 |    43 ||   137
  Block: Buckler           |    23 |    50 |    30 ||   103
